 Dungeon Crawl Stone Soup version 0.18.1-48-g4cf74bf (webtiles) character file.

373 tyranidshit the Skirmisher (level 6, -4/62 HPs)
             Began as a Deep Dwarf Necromancer on July 22, 2016.
             Splashed by a jelly's acid (6 damage)
             ... on level 5 of the Dungeon.
             The game lasted 00:08:07 (2188 turns).

tyranidshit the Skirmisher (Deep Dwarf Necromancer) Turns: 2188, Time: 00:08:08

Health: -4/62      AC: -12   Str: 14    XL:     6   Next: 43%
Magic:  6/6        EV: 11    Int: 15    God:
Gold:   146        SH:  3    Dex: 13    Spells: 1 memorised, 7 levels left

rFire  . . .     SeeInvis .     k - +0 dagger (curse)
rCold  + . .     Gourm    .     a - +1 robe
rNeg   . . .     Faith    .     o - +0 buckler
rPois  +         Spirit   .     (helmet restricted)
rElec  .         Dismiss  .     (no cloak)
rCorr  .         Reflect  .     (no gloves)
SustAt .         Harm     .     (no boots)
MR     +....                    (no amulet)
Stlth  ++........               (no ring)
                                (no ring)

@: corroded, non-regenerating, drained, somewhat resistant to hostile
enchantments, unstealthy
A: damage resistance, recharge devices, hooves 1, horns 1, molten scales 1,
blurry vision 1, cold resistance 1, magic resistance 1, sense surroundings 1,
poison resistance, screaming 1, slow regeneration 3
a: Device Recharging


You were on level 5 of the Dungeon.
You were not hungry.

You visited 1 branch of the dungeon, and saw 5 of its levels.

You collected 146 gold pieces.

Inventory:

Hand Weapons
 d - a +0 mace of protection
 e - a +0 short sword
 j - a +0 dagger
 k - a cursed +0 dagger (weapon)
Armour
 a - a +1 robe (worn)
 m - a +0 helmet
 o - a +0 buckler (worn)
Wands
 c - a wand of heal wounds (0/9)
Scrolls
 g - a scroll of identify
 n - a scroll of blinking {unknown}
 p - a scroll of remove curse {unknown}
 q - a scroll of enchant armour
Books
 b - a book of Necromancy

   Spells                             Type                      Level
   a - Pain                           Necromancy                   1
   b - Animate Skeleton               Necromancy                   1
   c - Vampiric Draining              Necromancy                   3
   d - Regeneration                   Charms/Necromancy            3
   e - Animate Dead                   Necromancy                   4
   f - Control Undead                 Necromancy                   4
Comestibles
 f - 8 fruits
 h - a bread ration
 i - a meat ration


   Skills:
 + Level 5.9(5.7) Fighting
 - Level 2.1(1.9) Dodging
 - Level 2.4(2.1) Stealth
 - Level 1.7(1.5) Spellcasting
 - Level 4.3(4.1) Necromancy


You had 7 spell levels left.
You knew the following spells:

 Your Spells              Type           Power        Failure   Level  Hunger
a - Pain                  Necr           ##..         10%         1    ##.....


Dungeon Overview and Level Annotations

Branches:
Dungeon (5/15)
 Temple: D:4-7

Altars:
Dithmenos
Yredelemnul

Annotations:
D:3 TuxedoFelix's ghost, amateur MiFi
D:4 TBriggs11TB's ghost, amateur MiBe


Innate Abilities, Weirdness & Mutations

You are resistant to damage.
You can recharge devices by infusing magical energy.
You passively map a small area around you.
You do not regenerate naturally.
You have large cloven feet.
You have a pair of small horns on your head.
You are partially covered in molten scales (AC +1).
Scrolls take you a little longer to read.
Your flesh is cold resistant.
You are resistant to hostile enchantments.
Your system is resistant to poisons.
You occasionally shout uncontrollably at your foes.


Message History

You are splashed with acid!
The acid corrodes you!
The acid burns!
* * * LOW HITPOINT WARNING * * *
You hit the jelly but do no damage.
Your hands burn!
* * * LOW HITPOINT WARNING * * *
The jelly is heavily wounded.
The jelly misses you.
Unknown command.
You hit the jelly. The acid corrodes you!
Your hands burn!
* * * LOW HITPOINT WARNING * * *
The jelly is severely wounded.
The jelly barely misses you.
You see here a robe.
Drink which item? (? for menu, Esc to quit)
You feel better. The jelly hits you.
You are splashed with acid!
The acid corrodes you!
The acid burns!
* * * LOW HITPOINT WARNING * * *
The jelly closely misses you. The jelly hits you.
You are splashed with acid!
The acid corrodes you!
The acid burns!
You die...

* *
#.####.........
* * * **
#..†.'.........
*
######.[.......
, ,
#........... ,
#........... ,
#........... *
* *
#........... ,
#....####..., *
#@...# ... , *
#.J..# ..
,#....# , ,
###### , * , ,
* ,, * , *


You could see a jelly.

Vanquished Creatures
  2 ice beasts
  A hound (D:5)
  An orc priest (D:3)
  3 adders
  2 oozes
  An adder zombie (D:5)
  A worm (D:3)
  A dart slug (D:2)
  4 giant geckos
  9 orcs (D:3)
  3 bats
  A giant cockroach (D:2)
  2 gnoll zombies (D:3)
  8 goblins
  6 hobgoblins
  7 jackals
  3 ball pythons
  4 giant newts
  A jackal zombie (D:5)
  17 kobolds
  A quokka skeleton (D:5)
  6 rats
84 creatures vanquished.

Notes
Turn   | Place    | Note
--------------------------------------------------------------
     0 | D:1      | tyranidshit the Deep Dwarf Necromancer began the quest for the Orb.
     0 | D:1      | Reached XP level 1. HP: 15/15 MP: 3/3
   210 | D:1      | Reached skill level 1 in Fighting
   265 | D:1      | Reached XP level 2. HP: 5/25 MP: 4/4
   356 | D:1      | Reached skill level 2 in Fighting
   400 | D:1      | Gained mutation: Your flesh is cold resistant. [potion of mutation]
   400 | D:1      | Gained mutation: You have a pair of small horns on your head. [potion of mutation]
   400 | D:1      | Gained mutation: You are agile. (Dex +2) [potion of mutation]
   451 | D:1      | Gained mutation: You are resistant to hostile enchantments. [potion of mutation]
   451 | D:1      | Lost mutation: You are agile. (Dex +2) [potion of mutation]
   451 | D:1      | Gained mutation: You occasionally shout uncontrollably at your foes. [potion of mutation]
   452 | D:1      | Gained mutation: You are partially covered in molten scales (AC +1). [potion of mutation]
   452 | D:1      | Gained mutation: Your system is resistant to poisons. [potion of mutation]
   452 | D:1      | Gained mutation: You can translocate small distances at will. [potion of mutation]
   453 | D:1      | Gained mutation: You have large cloven feet. [potion of mutation]
   453 | D:1      | Gained mutation: Scrolls take you a little longer to read. [potion of mutation]
   453 | D:1      | Lost mutation: You can translocate small distances at will. [potion of mutation]
   610 | D:1      | Reached XP level 3. HP: 24/33 MP: 5/5
  1006 | D:2      | Found a shadowy altar of Dithmenos.
  1165 | D:2      | Reached skill level 3 in Fighting
  1360 | D:2      | Reached XP level 4. HP: 22/42 MP: 6/6
  1572 | D:3      | Noticed an ice beast
  1634 | D:3      | Killed an ice beast
  1634 | D:3      | Reached skill level 4 in Fighting
  1634 | D:3      | Reached XP level 5. HP: 46/51 MP: 7/7
  1726 | D:3      | Found a basalt altar of Yredelemnul.
  1765 | D:3      | Noticed TuxedoFelix's ghost (amateur MiFi)
  1924 | D:3      | Reached skill level 5 in Fighting
  2052 | D:4      | Noticed TBriggs11TB's ghost (amateur MiBe)
  2069 | D:5      | Entered Level 5 of the Dungeon
  2079 | D:5      | Noticed an ice beast
  2133 | D:5      | Killed an ice beast
  2133 | D:5      | Reached XP level 6. HP: 34/62 MP: 6/6
  2170 | D:5      | HP: 2/62 [acid (2)]
  2185 | D:5      | HP: 2/62 [acid (6)]
  2188 | D:5      | Splashed by a jelly's acid

Skill      XL: |  1  2  3  4  5 |
---------------+----------------+-----
Fighting       | 1 2 3 4 5 |  5.9
Dodging        | |  2.1
Stealth        | |  2.4
Spellcasting   | |  1.7
Necromancy     | |  4.3

Action                   |  1- 3 |  4- 6 || total
-------------------------+-------+-------++-------
Melee: Short sword       |    86 |       ||    86
       Kick              |    16 |    67 ||    83
       Headbutt          |    15 |    48 ||    63
       Dagger            |    65 |   271 ||   336
 Cast: Pain              |     8 |       ||     8
 Abil: Device Recharging |       |     2 ||     2
Evoke: Wand              |     1 |    12 ||    13
  Use: Potion            |     8 |     2 ||    10
       Scroll            |     4 |     2 ||     6
 Stab: Sleeping          |     2 |       ||     2
  Eat: Bread ration      |     1 |     1 ||     2
Armor: Robe              |    47 |    84 ||   131
Dodge: Dodged            |   128 |   225 ||   353
Block: Buckler           |       |    22 ||    22
